 Dungeon Crawl Stone Soup version 0.18-a0-1353-gf2a912f (webtiles) character file.

1702 Oddball22 the Cutter (level 8, 0/50 HPs)
             Began as a High Elf Skald on Feb 19, 2016.
             Was a Follower of Ashenzari.
             Slain by Oddball22's ghost (12 damage)
             ... on level 5 of the Dungeon.
             The game lasted 00:21:44 (7420 turns).

Oddball22 the Cutter (High Elf Skald)               Turns: 7420, Time: 00:21:45

Health: 0/50       AC:  5    Str: 11    XL:     8   Next: 73%
Magic:  9/15       EV: 14    Int: 13    God:    Ashenzari [*.....]
Gold:   209        SH:  0    Dex: 18    Spells: 5 memorised, 4 levels left

rFire  . . .     SeeInvis .     s - +2 dagger (chaos) (curse)
rCold  . . .     Gourm    .     b - +0 leather armour (curse)
rNeg   . . .     Faith    .     (no shield)
rPois  .         Spirit   .     l - +1 hat (curse)
rElec  .         Dismiss  .     a - +0 cloak (curse)
rCorr  .         Reflect  .     (no gloves)
SustAt .         Harm     .     (no boots)
MR     .....                    (no amulet)
Stlth  +++.......               (no ring)
                                o - -2 ring of intelligence (curse)

@: infused, singing (expiring), not resistant to hostile enchantments, fairly
stealthy
A: antennae 1, talons 1, subdued magic 1
a: Curse Item, Scrying, Renounce Religion, Stop Singing


You were on level 5 of the Dungeon.
You worshipped Ashenzari.
Ashenzari was aware of your devotion.
You were not hungry.

You visited 2 branches of the dungeon, and saw 7 of its levels.

You collected 245 gold pieces.
You spent 36 gold pieces at shops.

Inventory:

Hand Weapons
 f - a +2 dagger of venom
 s - a cursed +2 dagger of chaos (weapon)
 E - a +1 spear of chaos
 G - a +0 shortbow
Missiles
 t - 82 arrows
 u - 25 poisoned needles
 D - 7 javelins of returning (quivered)
Armour
 a - a cursed +0 cloak (worn)
 b - a cursed +0 leather armour (worn)
 l - a cursed +1 hat (worn)
Jewellery
 o - a cursed -2 ring of intelligence (left hand)
Wands
 F - a wand of lightning (10/15)
Scrolls
 e - 7 scrolls of identify {unknown}
 g - 2 scrolls of remove curse
 j - 3 scrolls of teleportation {unknown}
 n - a scroll of magic mapping {unknown}
 p - a scroll of random uselessness {unknown}
 r - a scroll of enchant weapon {unknown}
 w - 2 scrolls of noise {unknown}
 y - 2 scrolls of immolation {unknown}
 B - a scroll of enchant armour {unknown}
 H - a scroll of fog {unknown}
Potions
 i - a potion of heal wounds
 k - 2 potions of mutation
 q - a potion of resistance {unknown}
 v - a potion of degeneration {unknown}
 x - 2 potions of might
 z - a potion of cancellation {unknown}
 A - a potion of cure mutation {unknown}
 C - 2 potions of haste {unknown}
 I - a potion of brilliance {unknown}
 J - 2 potions of curing
 L - a potion of flight {unknown}
Books
 c - a book of Battle

   Spells                             Type                      Level
   a - Infusion                       Charms                       1
   b - Shroud of Golubria             Charms/Translocation         2
   c - Song of Slaying                Charms                       2
   d - Spectral Weapon                Hexes/Charms                 3
   e - Regeneration                   Charms/Necromancy            3
Comestibles
 d - 5 bread rations
 h - 3 beef jerkies
 m - 2 meat rations
 K - 3 fruits
 M - a chunk of flesh


   Skills:
 - Level 2.0 Fighting
 - Level 7.9 Short Blades
 - Level 0.8 Armour
 - Level 4.5 Dodging
 + Level 3.8 Stealth
 - Level 4.2 Spellcasting
 + Level 1.7 Hexes
 * Level 6.1 Charms
 + Level 2.5 Necromancy
 - Level 3.4 Translocations


You had 4 spell levels left.
You knew the following spells:

 Your Spells              Type           Power        Failure   Level  Hunger
a - Infusion              Chrm           ##..         1%          1    None
b - Song of Slaying       Chrm           ##......     1%          2    ##.....
c - Shroud of Golubria    Chrm/Tloc      ##........   3%          2    ##.....
d - Regeneration          Chrm/Necr      #.........   9%          3    ###....
e - Spectral Weapon       Hex/Chrm       #.......     9%          3    ###....


Dungeon Overview and Level Annotations

Branches:
Dungeon (6/15)             Temple (1/1) D:4

Altars:
Ashenzari
Cheibriados
Dithmenos
Fedhas
Gozag
Kikubaaqudgha
Makhleb
Nemelex Xobeh
Pakellas
Qazlal
Sif Muna
Vehumet
Xom
Yredelemnul
Zin
The Shining One

Shops:
D:6 ?

Annotations:
D:5 Oddball22's ghost, novice HESk


Innate Abilities, Weirdness & Mutations

You have a pair of small antennae on your head.
You have sharp toenails.
Your spells are a little easier to cast, but a little less powerful.


Message History

Confirm with . or Enter, or press ? or * to list all spells.
You begin infusing your attacks with magical energy.
Your shroud bends Oddball22's ghost's attack away!
You completely miss Oddball22's ghost.
Oddball22's ghost is lightly damaged.
You miss Oddball22's ghost.
Oddball22's ghost is lightly damaged.
Oddball22's ghost hits you!
* * * LOW HITPOINT WARNING * * *
Your shroud falls apart!
* * * LOW HITPOINT WARNING * * *
You closely miss Oddball22's ghost.
You claw Oddball22's ghost, but do no damage.
Oddball22's ghost is lightly damaged.
Your song is almost over.
You hit Oddball22's ghost.
There is a sudden explosion of sparks!
You claw Oddball22's ghost, but do no damage.
Oddball22's ghost is heavily damaged.
Oddball22's ghost hits you!
You die...

##.#.#.#.#.# #.#.#
...#.....#.#####. W
#...# #................
#. #..
#.##.####........ ..
#.# #. #.# ##.######.
.# #.# #. #.# #...## .#
#.# #. #..#..#..#### .#
#.# ....#.#....###(#
#.# ....#...#....@W(#
#.#
#..#.._..#....#......#
#.#
#..#.......#..#######.#
#.# #.###########.# #<#
..# #.# #### #.# ...
###


You could see Oddball22's ghost.

Vanquished Creatures
  An orc warrior (D:6)
  3 ogres
  2 centaurs (D:6)
  2 giant frogs (D:6)
  A wyvern skeleton (D:6)
  A scorpion (D:4)
  5 killer bees (D:6)
  5 wights (D:6)
  A quasit (D:6)
  2 orc priests
  A giant frog skeleton (D:5)
  2 orc wizards
  2 worker ants
  10 gnolls
  7 adders
  4 river rats (D:2)
  An ooze (D:6)
  4 worms
  5 giant geckos
  21 orcs
  4 bats
  5 giant cockroaches
  13 goblins
  10 hobgoblins
  4 jackals (D:6)
  8 kobolds
  4 quokkas
  4 giant newts
  A quokka zombie (D:6)
  14 rats
147 creatures vanquished.

Notes
Turn   | Place    | Note
--------------------------------------------------------------
     0 | D:1      | Oddball22 the High Elf Skald began the quest for the Orb.
     0 | D:1      | Reached XP level 1. HP: 14/14 MP: 4/4
   159 | D:1      | Reached XP level 2. HP: 19/19 MP: 1/6
   292 | D:1      | Learned a level 2 spell: Song of Slaying
   314 | D:1      | Learned a level 2 spell: Shroud of Golubria
   731 | D:2      | Reached XP level 3. HP: 22/24 MP: 7/7
   812 | D:2      | Reached skill level 4 in Short Blades
   835 | D:2      | Found a snail-covered altar of Cheibriados.
  1652 | D:2      | Reached XP level 4. HP: 29/29 MP: 3/8
  1666 | D:2      | Found a glowing silver altar of Zin.
  1752 | D:2      | Noticed an ogre
  2012 | D:2      | Killed an ogre
  2012 | D:2      | Reached skill level 5 in Short Blades
  2012 | D:2      | Reached XP level 5. HP: 9/34 MP: 4/9
  2451 | D:2      | Reached skill level 6 in Short Blades
  2920 | D:3      | Found a stormy altar of Qazlal.
  3015 | D:3      | Reached XP level 6. HP: 27/39 MP: 6/10
  3489 | D:3      | Learned a level 3 spell: Regeneration
  3775 | D:3      | Found a faded altar to an unknown god.
  4102 | D:4      | Reached skill level 7 in Short Blades
  4329 | D:4      | Found a staircase to the Ecumenical Temple.
  4344 | Temple   | Entered the Ecumenical Temple
  4433 | Temple   | Became a worshipper of Ashenzari the Shackled
  4631 | D:4      | Found a deep blue altar of Sif Muna.
  4717 | D:4      | Reached XP level 7. HP: 45/45 MP: 6/11
  5010 | D:4      | Found a shimmering altar of Xom.
  5156 | D:5      | Entered Level 5 of the Dungeon
  5413 | D:5      | Noticed Oddball22's ghost (novice HESk)
  5443 | D:6      | Reached skill level 1 in Stealth
  5443 | D:6      | Reached skill level 1 in Translocations
  5459 | D:6      | Reached skill level 1 in Necromancy
  5651 | D:6      | Found a sparkling altar of Nemelex Xobeh.
  5727 | D:6      | Reached XP level 8. HP: 23/50 MP: 6/14
  5747 | D:6      | Gained mutation: You have a pair of small antennae on your head. [potion of mutation]
  5747 | D:6      | Gained mutation: Your spells are a little easier to cast, but a little less powerful. [potion of mutation]
  5747 | D:6      | Gained mutation: You have sharp toenails. [potion of mutation]
  6397 | D:6      | Reached skill level 5 in Charms
  6466 | D:6      | Found a blossoming altar of Fedhas.
  6595 | D:6      | Learned a level 3 spell: Spectral Weapon
  6615 | D:6      | Reached * piety under Ashenzari
  6875 | D:6      | Reached skill level 1 in Hexes
  7196 | D:6      | Found Tiepohoss's Magic Scroll Boutique.
  7199 | D:6      | Bought a scroll of remove curse for 36 gold pieces
  7383 | D:5      | Found an oddly glowing altar of Pakellas.
  7420 | D:5      | Slain by Oddball22's ghost

Vault maps used:
D:1:      lemuel_arrival_lava_pool
D:2:      wad_woods_tower, old_standard_altar, overflow_temple_1_default,
          glass_columns_b
D:3:      nicolae_qazlal_general_emergency, ecumenical_altar_2,
          kennysheep_generic_room_4
D:4:      kennysheep_little_box, tgw_xom, minmay_temple_entry_junction,
          first_bread
D:5:      grunt_pakellas_basics, marbit_many_paths
D:6:      lemuel_round_altar, serial_shops, kennysheep_mini_moat, fedhas_altar_1
Temple:   jpeg_temple_clearing_9

Action                   |  1- 3 |  4- 6 |  7- 9 || total
-------------------------+-------+-------+-------++-------
Melee: Short sword       |   147 |       |       ||   147
       Dagger            |       |   184 |   295 ||   479
Throw: Javelin           |       |    13 |     9 ||    22
 Cast: Infusion          |     8 |    11 |    16 ||    35
       Shroud of Golubri |     1 |     3 |    15 ||    19
       Song of Slaying   |       |     2 |     5 ||     7
       Regeneration      |       |       |     1 ||     1
Invok: Curse Item        |       |     2 |     2 ||     4
  Use: Potion            |       |       |     6 ||     6
 Stab: Sleeping          |     1 |     4 |     2 ||     7
       Distracted        |       |     1 |       ||     1
       Petrified         |       |       |     1 ||     1
       Petrifying        |       |       |     1 ||     1
  Eat: Chunk             |     2 |    11 |    10 ||    23
